 Dungeon Crawl Stone Soup version 0.21.1-1-g345015f (webtiles) character file.

85 HyperWeapon the Shield-Bearer (level 4, 0/40 HPs)
             Began as a Minotaur Fighter on June 21, 2018.
             Slain by HyperWeapon's ghost (5 damage)
             ... on level 3 of the Dungeon.
             The game lasted 00:04:31 (1823 turns).

HyperWeapon the Shield-Bearer (Minotaur Fighter)    Turns: 1823, Time: 00:04:31

Health: 0/40       AC:  6    Str: 22    XL:     4   Next: 25%
Magic:  3/3        EV:  7    Int:  5    God:
Gold:   139        SH: 10    Dex:  9    Spells: 3/3 levels left

rFire    . . .     SeeInvis .   a - +0 war axe
rCold    . . .     Gourm    .   c - +0 shield
rNeg     . . .     Faith    .   s - +0 scale mail
rPois    .         Spirit   .   (helmet restricted)
rElec    .         Reflect  .   (no cloak)
rCorr    .         Harm     .   (no gloves)
MR       .....                  (no boots)
Stlth    ..........             (no amulet)
HPRegen  0.13/turn              (no ring)
MPRegen  0.08/turn              (no ring)

@: lethally poisoned (0 -> -13)
A: retaliatory headbutt, horns 2
a: no special abilities


You were on level 3 of the Dungeon.
You were not hungry.

You visited 1 branch of the dungeon, and saw 3 of its levels.

You collected 139 gold pieces.

Inventory:

Hand Weapons
 a - a +0 war axe (weapon)
 b - a +0 hunting sling
Missiles
 r - 4 sling bullets
 v - 5 tomahawks (quivered)
Armour
 c - a +0 shield (worn)
 s - a +0 scale mail (worn)
Jewellery
 p - an uncursed ring of fire {unknown}
 q - an uncursed amulet of rage {unknown}
Potions
 d - a potion of might
 e - a potion of curing
 i - a potion of flight
 j - a potion of berserk rage {unknown}
 l - a potion of lignification {unknown}
 m - a potion of heal wounds {unknown}
Comestibles
 f - 4 rations
 g - 3 chunks of flesh


   Skills:
 - Level 3.7 Fighting
 + Level 4.1 Axes
 - Level 3.6 Armour
 + Level 5.0 Shields


You had 3 spell levels left.
You didn't know any spells.

Dungeon Overview and Level Annotations

Branches:
Dungeon (3/15)

Altars:

Portals:
Sewer: D:3

Annotations:
D:3 HyperWeapon's ghost, amateur DsWn


Innate Abilities, Weirdness & Mutations

You reflexively headbutt those who attack you in melee.
You have a pair of horns on your head.


Message History

You block the adder's attack. HyperWeapon's ghost hits you.
You miss the adder. You hit HyperWeapon's ghost.
You feel sick. The adder bites you.
* * * LOW HITPOINT WARNING * * *
You block HyperWeapon's ghost's attack. The adder bites you.
* * * LOW HITPOINT WARNING * * *
You are more poisoned.
The adder poisons you!
You closely miss the adder. Your headbutt misses the adder.
You hit HyperWeapon's ghost. You block HyperWeapon's ghost's attack.
You block the adder's attack. You block HyperWeapon's ghost's attack.
Your shield prevents you from hitting the adder.
Your headbutt misses the adder. You barely miss HyperWeapon's ghost.
* * * LOW HITPOINT WARNING * * *
You feel sick. The adder bites you.
* * * LOW HITPOINT WARNING * * *
You are more poisoned.
The adder poisons you! You block the adder's attack.
HyperWeapon's ghost hits you.
You die...

,,,*****...≈≈≈≈≈.....#***********
,,,* *...≈≈∩≈≈..#### ,,,*
*#..≈≈≈≈≈..# ,,,* #...≈≈≈...#
,,,* #.........# ,,,* #.........#
,,,* #.......### ,,,*
#......W########** ,,,*
#.......@S..$...,* ,,,*
################,** ,,,* *,,*
**** **+******* *,,,,,,,,,
*,,*,,,,,, *,,*,***** *,,*,*,,,,
*,,*,*,**,


You could see HyperWeapon's ghost and an adder.

Vanquished Creatures
  2 river rats (D:3)
  A worm (D:2)
  3 dart slugs
  2 leopard geckos
  3 ball pythons
  2 giant cockroaches
  7 goblins
  5 hobgoblins
  A quokka (D:2)
  10 bats
  4 frilled lizards
  7 kobolds
  13 rats
60 creatures vanquished.

Notes
Turn   | Place    | Note
-------+----------+-------------------------------------------
     0 | D:1      | HyperWeapon the Minotaur Fighter began the quest for the Orb.
     0 | D:1      | Reached XP level 1. HP: 19/19 MP: 0/0
    65 | D:1      | Reached XP level 2. HP: 20/27 MP: 1/1
    67 | D:1      | Reached skill level 4 in Shields
   592 | D:1      | Reached XP level 3. HP: 33/33 MP: 2/2
  1713 | D:3      | Found a glowing drain.
  1718 | D:3      | Reached XP level 4. HP: 24/40 MP: 3/3
  1724 | D:3      | Reached skill level 5 in Shields
  1807 | D:3      | Noticed HyperWeapon's ghost (amateur DsWn)
  1823 | D:3      | Slain by HyperWeapon's ghost

Skill      XL: |  1  2  3  4 |
---------------+-------------+-----
Shields        | 4 5 |  5.0
Axes           | 3 4 |  4.1
Fighting       | |  3.7
Armour         | |  3.6

Action                   |  1- 3 |  4- 6 || total
-------------------------+-------+-------++-------
Melee: War axe           |   125 |    12 ||   137
       Headbutt          |    11 |       ||    11
 Fire: Hunting sling     |     4 |       ||     4
  Use: Scroll            |     8 |       ||     8
  Eat: Chunk             |     2 |     1 ||     3
Armor: Scale mail        |    61 |       ||    61
Dodge: Dodged            |    41 |     2 ||    43
Block: Shield            |    66 |    10 ||    76
